 Dungeon Crawl Stone Soup version 0.21.0-24-g2553a3340b (webtiles) character file.

42597 Gargoyl the Protected (level 13, -1/122 HPs)
             Began as a Centaur Abyssal Knight on Jan 20, 2018.
             Was a Priest of Lugonu.
             Killed from afar by a balrug (33 damage)
             ... with a fireball
             ... on level 1 of the Abyss on Jan 22, 2018.
             The game lasted 00:46:42 (27182 turns).

Gargoyl the Protected (Centaur Abyssal Knight)     Turns: 27182, Time: 00:46:43

Health: -1/122     AC: 32    Str: 17    XL:     13   Next: 86%
Magic:  21/21      EV:  3    Int: 11    God:    Lugonu [***...]
Gold:   1229       SH:  0    Dex: 14    Spells: 12/12 levels left

rFire    . . .     SeeInvis +   M - +3 battleaxe (chop)
rCold    . . .     Gourm    .   (shield currently unavailable)
rNeg     . . .     Faith    .   n - +0 plate armour
rPois    .         Spirit   .   H - +0 mask of the Dragon {MR+ Slay+3 SInv}
rElec    .         Reflect  .   K - scarf {repulsion}
rCorr    .         Harm     .   l - +2 pair of gloves
MR       +++..                  w - +4 centaur barding {Fly}
Stlth    ..........             (no amulet)
HPRegen  0.30/turn              g - +5 ring of protection
MPRegen  0.17/turn              j - ring of protection from magic

@: flying, repel missiles, very quick
A: large, hooves 3, horns 1, thin skeletal structure 1, blink, deformed body,
speed 2, magic resistance 1, robust 1, tough skin 3, MP-powered wands
a: Blink, Depart the Abyss, Bend Space, Banish, Renounce Religion, Stop Flying


You were on level 1 of the Abyss.
You worshipped Lugonu.
Lugonu was most pleased with you.
You were not hungry.

You visited 2 branches of the dungeon, and saw 18 of its levels.
You visited the Abyss 3 times.
You also visited: Volcano.

You collected 1446 gold pieces.
You spent 217 gold pieces at shops.

Inventory:

Hand Weapons
 a - a +1 hand axe
 i - the +6 rapier "Iprizom" {freeze, rN+ Str-4 Int+3 SInv, unknown}
   (You found it on level 1 of the Abyss)

   It has been specially enchanted to freeze those struck by it, causing extra
   injury to most foes and up to half again as much damage against particularly
   susceptible opponents.
   It can also slow down cold-blooded creatures.
   It affects your strength (-4).
   It affects your intelligence (+3).
   It protects you from negative energy.
   It lets you see invisible.
 k - a +1 hand axe of electrocution
 M - a +3 battleaxe of chopping (weapon)
Missiles
 q - 21 tomahawks (quivered)
Armour
 l - a +2 pair of gloves (worn)
 n - a +0 plate armour (worn)
 w - a +4 centaur barding of flying (worn)
 H - the +0 mask of the Dragon (worn) {MR+ Slay+3 SInv}
   (You found it on level 2 of the Lair of Beasts)

   It affects your accuracy and damage with ranged weapons and melee attacks
   (+3).
   It affects your resistance to hostile enchantments.
   It lets you see invisible.
 K - a scarf of repulsion (worn)
Jewellery
 d - an uncursed ring of protection from cold
 g - a +5 ring of protection (left hand)
 j - a ring of protection from magic (right hand)
 D - a +2 ring of strength
Wands
 o - a wand of digging (14)
 r - a wand of random effects (37)
 A - a wand of disintegration (42)
 E - a wand of flame (49)
 F - a wand of acid (12)
 G - a wand of iceblast (28)
 R - a wand of paralysis (12)
Scrolls
 m - 11 scrolls of remove curse
 t - 8 scrolls of teleportation
 y - 4 scrolls of identify
 C - 2 scrolls of magic mapping
 I - 2 scrolls of fog
Potions
 b - 2 potions of curing
 e - 3 potions of agility
 f - 3 potions of haste
 p - a potion of magic
 s - 5 potions of flight
 v - a potion of cancellation
 z - 3 potions of brilliance
 B - 2 potions of resistance {unknown}
 L - a potion of invisibility {unknown}
Books
 h - a book of Cantrips

   Spells                             Type                      Level
   a - Confusing Touch                Hexes                        1
   b - Animate Skeleton               Necromancy                   1
   c - Summon Small Mammal            Summoning                    1
   d - Apportation                    Translocation                1
 u - a book of Clouds

   Spells                             Type                      Level
   a - Poisonous Vapours              Poison/Air                   2
   b - Mephitic Cloud                 Conjuration/Poison/Air       3
   c - Conjure Flame                  Conjuration/Fire             3
   d - Freezing Cloud                 Conjuration/Ice/Air          6
   e - Ring of Flames                 Charms/Fire                  7
 x - a book of Flames

   Spells                             Type                      Level
   a - Flame Tongue                   Conjuration/Fire             1
   b - Throw Flame                    Conjuration/Fire             2
   c - Conjure Flame                  Conjuration/Fire             3
   d - Inner Flame                    Hexes/Fire                   3
   e - Sticky Flame                   Conjuration/Fire             4
   f - Fireball                       Conjuration/Fire             5
 O - a book of the Sky

   Spells                             Type                      Level
   a - Summon Lightning Spire         Summoning/Air                4
   b - Silence                        Hexes/Air                    5
   c - Deflect Missiles               Charms/Air                   6
   d - Conjure Ball Lightning         Conjuration/Air              6
   e - Tornado                        Air                          9
 Q - a book of Battle

   Spells                             Type                      Level
   a - Infusion                       Charms                       1
   b - Shroud of Golubria             Charms/Translocation         2
   c - Song of Slaying                Charms                       2
   d - Spectral Weapon                Hexes/Charms                 3
   e - Regeneration                   Charms/Necromancy            3
Comestibles
 c - 20 rations


   Skills:
 + Level 9.1 Fighting
 + Level 11.3 Axes
 + Level 1.7 Throwing
 * Level 12.5 Armour
 + Level 2.4 Dodging
 * Level 10.8 Invocations


You had 12 spell levels left.
You didn't know any spells.

Dungeon Overview and Level Annotations

Branches:
Dungeon (12/15)            Temple (0/1) D:4            Lair (6/6) D:10
 Shoals (0/4) Lair:3        Snake (0/4) Lair:2        Slime (0/5) Lair:5
    Orc: D:9-12

Altars:
Dithmenos
Fedhas
Okawaru
Qazlal
Trog
Yredelemnul
Zin

Shops:
D:6 (   D:9 [


Innate Abilities, Weirdness & Mutations

You have hooves in place of feet.
Armour fits poorly on your strangely shaped body.
You cover ground very quickly.
You have extremely tough skin. (AC +3)
You have a pair of small horns on your head.
You have a somewhat thin skeletal structure. (Dex +2, Stealth)
You can translocate small distances at will.
You are resistant to hostile enchantments. (MR+)
You are robust. (+10% HP)
You expend magic power (3 MP) to strengthen your wands.


Message History

You start resting.
Magic restored.
You start resting.
An ufetubus comes into view.
The ufetubus shouts!
You hit the ufetubus.
You kill the ufetubus!
A spatial vortex comes into view.
The spatial vortex moves out of view.
You see here a tomahawk.
q - 21 tomahawks (gained 1)
An iron imp comes into view.
A balrug comes into view.
It is wielding a demon whip of draining.
The balrug shouts!
The iron imp shouts!
You see here a transparent rapier.
i - a transparent rapier The balrug gestures at you.
The fireball explodes!
The fireball engulfs you!
You die...

##.##...## ...#
#..........#
#..##....##.# #.#..
###...(#
#....##..#### .
#....#...#...## .# #.
....#.#.....#.... ...
..#.#.5......2..#
.#...#...#....@#.#..#
. ##.......### .. ..
..#.....# #.
#.##.....# .. ##.####
#. #.


You could see a balrug and an iron imp.

Vanquished Creatures
  A tentacled starspawn (Abyss:1)
  Snorg (Lair:3)
  Josephine (D:11)
  2 two-headed ogres (Volcano)
  A death yak (Lair:6)
  A thrashing horror (Abyss:1)
  Urug (Lair:3)
  The ghost of zetsub0u the Basher, a novice HOFi of Gozag (D:7)
  Pikel (D:7)
  2 salamanders (Volcano)
  An elephant (Lair:1)
  Joseph (D:7)
  15 spiny frogs
  8 black mambas
  2 torpor snails
  3 rime drakes
  7 komodo dragons
  A polar bear (Lair:5)
  2 hornets
  7 blink frogs
  13 hippogriffs
  A slime creature (Lair:4)
  Sigmund (D:6)
  6 wyverns
  A shadow (D:12)
  3 wraiths (D:11)
  2 fire bats (Volcano)
  26 yaks
  3 basilisks
  4 hungry ghosts
  Edmund (D:5)
  4 insubstantial wisps (Abyss:1)
  A hell hound (Volcano)
  3 nagas (Lair:2)
  12 water moccasins
  14 porcupines
  4 orc warriors
  3 ice beasts
  3 black bears
  A sky beast (D:9)
  A necrophage (D:8)
  11 wolves
  4 ogres
  2 small abominations (Abyss:1)
  4 centaurs
  2 big kobolds
  9 crocodiles
  A gnoll sergeant (D:8)
  12 bullfrogs
  Dowan (D:7)
  2 water moccasin skeletons
  7 scorpions
  An electric eel (Lair:4)
  4 howler monkeys
  3 crimson imps
  A centaur zombie (D:9)
  A bullfrog zombie (D:9)
  28 jellies
  5 orc priests
  5 hounds
  16 orc wizards
  Crazy Yiuf (D:6)
  A bullfrog skeleton (D:8)
  3 centaur skeletons
  5 iguanas
  Ijyb (D:3)
  7 worker ants
  9 gnolls
  8 adders
  A river rat (D:4)
  4 shadow imps
  2 ufetubi (Abyss:1)
  15 oozes
  2 adder skeletons
  3 adder zombies
  4 worms
  2 dart slugs (D:2)
  9 leopard geckos
  43 orcs
  A ball python (D:3)
  6 giant cockroaches
  6 goblins
  9 hobgoblins
  7 jackals
  13 kobolds
  8 quokkas
  A ball python zombie (D:6)
  5 bats
  4 frilled lizards
  A giant cockroach zombie (D:5)
  A leopard gecko skeleton (D:6)
  12 rats
  9 fungi
  2 plants
  2 starspawn tentacles (Abyss:1)
492 creatures vanquished.

Vanquished Creatures (others)
  A hydra (Lair:6)
  A two-headed ogre (D:9)
  A black mamba (Lair:6)
  A spiny frog (D:10)
  A gargoyle (D:12)
  A komodo dragon (D:10)
  A vampire (D:11)
  A ynoxinul (Abyss:1)
  Duvessa (D:7)
  A slave (D:7)
  A centaur (Volcano)
  A howler monkey (D:7)
  2 gnolls (D:7)
  2 orcs
  31 fungi
  53 plants
  4 starspawn tentacles (Abyss:1)
104 creatures vanquished.

Grand Total: 596 creatures vanquished

Notes
Turn   | Place    | Note
-------+----------+-------------------------------------------
     0 | Abyss:1  | Gargoyl the Centaur Abyssal Knight began the quest for the Orb.
     0 | Abyss:1  | Reached XP level 1. HP: 19/19 MP: 2/2
    43 | Abyss:1  | Noticed a starcursed mass
   105 | Abyss:1  | Noticed a small abomination
   138 | Abyss:1  | Noticed a thrashing horror
   142 | D:1      | Escaped the Abyss
   623 | D:1      | Reached XP level 2. HP: 24/26 MP: 3/3
   748 | D:1      | Reached * piety under Lugonu
  1144 | D:2      | Reached XP level 3. HP: 28/31 MP: 4/4
  1222 | D:2      | Reached skill level 2 in Armour
  1783 | D:2      | Reached XP level 4. HP: 38/38 MP: 6/6
  1856 | D:2      | Reached ** piety under Lugonu
  1882 | D:2      | Found a faded altar of an unknown god.
  1882 | D:2      | Found a faded altar of an unknown god.
  1887 | D:2      | Found a basalt altar of Yredelemnul.
  1889 | D:2      | Found a shadowy altar of Dithmenos.
  1890 | D:2      | Found an iron altar of Okawaru.
  2500 | D:3      | Reached XP level 5. HP: 39/45 MP: 7/7
  2552 | D:3      | Noticed Ijyb
  2567 | D:3      | Killed Ijyb
  3185 | D:4      | Noticed an ogre
  3195 | D:4      | Reached *** piety under Lugonu
  3478 | D:4      | Killed an ogre
  3478 | D:4      | Reached skill level 3 in Armour
  3478 | D:4      | Reached skill level 1 in Dodging
  3478 | D:4      | Reached XP level 6. HP: 39/52 MP: 8/8
  3905 | D:4      | Found a stormy altar of Qazlal.
  4000 | D:4      | Found a staircase to the Ecumenical Temple.
  4348 | D:4      | Reached XP level 7. HP: 52/59 MP: 9/9
  4837 | D:5      | Entered Level 5 of the Dungeon
  4862 | D:5      | Noticed Edmund
  4893 | D:5      | Killed Edmund
  5137 | D:5      | Found a stormy altar of Qazlal.
  5216 | D:5      | Gained mutation: You are resistant to hostile enchantments. (MR+) [potion of mutation]
  5216 | D:5      | Gained mutation: You tend to lose your temper in combat. [potion of mutation]
  5216 | D:5      | Gained mutation: You have sharp fingernails. [potion of mutation]
  5323 | D:5      | Reached skill level 4 in Armour
  5657 | D:5      | Found a bloodstained altar of Trog.
  5683 | D:5      | Noticed a hippogriff
  5691 | D:5      | Killed a hippogriff
  5691 | D:5      | Reached skill level 5 in Axes
  5691 | D:5      | Reached XP level 8. HP: 48/67 MP: 11/11
  6132 | D:6      | Reached skill level 5 in Armour
  6269 | D:6      | Reached **** piety under Lugonu
  6524 | D:6      | Found Xixkyerhe's Weapon Shop.
  6573 | D:6      | Found a runed door.
  6621 | D:6      | Reached skill level 5 in Invocations
  6622 | D:6      | Reached skill level 5 in Fighting
  6904 | D:6      | Noticed Sigmund
  6911 | D:6      | Killed Sigmund
  7065 | D:6      | Reached XP level 9. HP: 45/74 MP: 13/13
  7316 | D:6      | Noticed Crazy Yiuf
  7322 | D:6      | Killed Crazy Yiuf
  7534 | D:7      | Noticed zetsub0u's ghost (novice HOFi)
  7559 | D:7      | Killed zetsub0u's ghost
  7559 | D:7      | Reached skill level 6 in Armour
  7731 | D:7      | Noticed Pikel
  7756 | D:7      | Killed Pikel
  7759 | D:7      | Reached skill level 7 in Armour
  7847 | D:7      | Noticed Joseph
  7858 | D:7      | Killed Joseph
  7986 | D:7      | Identified a scroll of acquirement
  8054 | D:7      | Reached XP level 10. HP: 83/83 MP: 14/14
  8075 | D:7      | Killed Duvessa
  8438 | D:7      | Noticed Dowan
  8458 | D:7      | Killed Dowan
  9497 | D:8      | Reached skill level 8 in Armour
  9993 | D:8      | Found a blossoming altar of Fedhas.
 10022 | D:8      | Found a glowing silver altar of Zin.
 10296 | D:8      | Cast into level 1 of the Abyss (gnoll sergeant)
 10387 | Abyss:1  | Noticed a starcursed mass
 10437 | Abyss:1  | Noticed a tentacled starspawn
 10437 | D:8      | Escaped the Abyss
 11289 | D:9      | Found Bukusom's Antique Armour Shop.
 11289 | D:9      | Noticed a two-headed ogre
 11304 | D:9      | Banished a two-headed ogre
 11335 | D:9      | Bought a glowing cloak for 217 gold pieces
 12116 | D:10     | Entered Level 10 of the Dungeon
 12334 | D:10     | Found the +6 lightning scales {run, rElec}
 12374 | D:10     | Reached skill level 9 in Armour
 12374 | D:10     | Reached XP level 11. HP: 81/91 MP: 16/16
 12808 | D:10     | Found a staircase to the Lair.
 13172 | Lair:1   | Entered Level 1 of the Lair of Beasts
 13510 | D:10     | HP: 4/91 [poisoned by a spiny frog]
 13517 | D:10     | HP: 3/91 [poisoned by a spiny frog]
 13524 | D:10     | HP: 3/91 [poisoned by a spiny frog]
 13532 | D:10     | HP: 3/91 [poisoned by a spiny frog]
 14255 | D:11     | Noticed Josephine
 14276 | D:11     | Killed Josephine
 15029 | D:11     | Reached skill level 10 in Armour
 15589 | D:11     | Lost mutation: You are resistant to hostile enchantments. (MR+) [potion of mutation]
 15589 | D:11     | Gained mutation: You often lose your temper in combat. [potion of mutation]
 15589 | D:11     | Gained mutation: Scrolls take you a little longer to read. [potion of mutation]
 15589 | D:11     | Gained mutation: Your spells are a little harder to cast, but a little more powerful. [potion of mutation]
 16976 | Lair:1   | Reached XP level 12. HP: 96/100 MP: 18/18
 18810 | Lair:1   | Reached skill level 1 in Throwing
 19026 | Lair:1   | Lost mutation: Scrolls take you a little longer to read. [potion of mutation]
 19026 | Lair:1   | Lost mutation: Your spells are a little harder to cast, but a little more powerful. [potion of mutation]
 19026 | Lair:1   | Lost mutation: You often lose your temper in combat. [potion of mutation]
 19026 | Lair:1   | Gained mutation: You are agile. (Dex +2) [potion of mutation]
 19026 | Lair:1   | Gained mutation: Scrolls take you a little longer to read. [potion of mutation]
 19026 | Lair:1   | Gained mutation: Your muscles are strong. (Str +2) [potion of mutation]
 19327 | Lair:2   | Reached skill level 11 in Armour
 20040 | Lair:2   | Lost mutation: Scrolls take you a little longer to read. [potion of mutation]
 20040 | Lair:2   | Lost mutation: You are agile. (Dex +2) [potion of mutation]
 20040 | Lair:2   | Gained mutation: You are resistant to hostile enchantments. (MR+) [potion of mutation]
 20040 | Lair:2   | Gained mutation: Your spells are a little harder to cast, but a little more powerful. [potion of mutation]
 20040 | Lair:2   | Lost mutation: Your spells are a little harder to cast, but a little more powerful. [potion of mutation]
 20040 | Lair:2   | Gained mutation: You have a somewhat thin skeletal structure. (Dex +2, Stealth) [potion of mutation]
 20041 | Lair:2   | Lost mutation: Your muscles are strong. (Str +2) [potion of mutation]
 20041 | Lair:2   | Lost mutation: You have sharp fingernails. [potion of mutation]
 20041 | Lair:2   | Lost mutation: You tend to lose your temper in combat. [potion of mutation]
 20041 | Lair:2   | Gained mutation: You expend magic power (3 MP) to strengthen your wands. [potion of mutation]
 20041 | Lair:2   | Gained mutation: You can translocate small distances at will. [potion of mutation]
 20041 | Lair:2   | Gained mutation: You are robust. (+10% HP) [potion of mutation]
 20041 | Lair:2   | Gained mutation: You have a pair of small horns on your head. [potion of mutation]
 20411 | Lair:2   | Found a staircase to the Snake Pit.
 20643 | Lair:2   | Found the +0 mask of the Dragon {MR+ Slay+3 SInv}
 20991 | Lair:3   | Reached skill level 10 in Axes
 21010 | Lair:3   | Noticed Urug
 21026 | Lair:3   | Killed Urug
 21177 | Lair:3   | Found a staircase to the Shoals.
 21181 | Lair:3   | Noticed Snorg
 21233 | Lair:3   | Killed Snorg
 22494 | Lair:4   | Reached XP level 13. HP: 103/117 MP: 20/20
 22623 | Lair:4   | Reached ***** piety under Lugonu
 23720 | Lair:5   | Reached skill level 10 in Invocations
 24113 | Lair:5   | Found a staircase to the Slime Pits.
 24147 | Lair:5   | Got a steaming flail
 24148 | Lair:5   | Identified the +5 flail "Voocesy" {drain, rC- Dex+7} (You found it on level 5 of the Lair of Beasts)
 24208 | Lair:5   | Reached skill level 12 in Armour
 24762 | Lair:6   | Entered Level 6 of the Lair of Beasts
 24953 | Lair:6   | Found a dark tunnel.
 24959 | Volcano  | Entered a volcano
 26123 | Lair:6   | HP: 5/121 [yak (10)]
 27046 | Abyss:1  | Noticed a tentacled starspawn
 27055 | Abyss:1  | HP: 2/122 [tentacled starspawn (24)]
 27058 | Abyss:1  | Killed a tentacled starspawn
 27178 | Abyss:1  | Noticed a balrug
 27182 | Abyss:1  | Got a transparent rapier
 27182 | Abyss:1  | Killed from afar by a balrug

Skill      XL: |  1  2  3  4  5  6  7  8  9 10 11 12 13 |
---------------+----------------------------------------+-----
Axes           | 2 3 4 5 6 7 8 9 10 11 | 11.3
Armour         | 2 3 4 5 7 9 10 11 12 | 12.5
Invocations    | 3 4 5 6 7 8 9 10 | 10.8
Dodging        | 1 2 |  2.4
Fighting       | 4 5 6 7 8 9 |  9.1
Throwing       | 1 |  1.7

Action                   |  1- 3 |  4- 6 |  7- 9 | 10-12 | 13-15 || total
-------------------------+-------+-------+-------+-------+-------++-------
Melee: Hand axe          |   100 |   206 |   298 |   958 |   139 ||  1701
       Kick              |    14 |    29 |    61 |   292 |    90 ||   486
       Headbutt          |       |       |       |    26 |    58 ||    84
       Battleaxe         |       |       |       |       |   122 ||   122
Throw: Tomahawk          |       |       |       |    18 |     3 ||    21
Invok: Depart the Abyss  |     1 |       |       |     1 |       ||     2
       Banish            |       |       |       |     7 |     5 ||    12
       Bend Space        |       |       |       |     2 |       ||     2
       Enter the Abyss   |       |       |       |       |     1 ||     1
  Use: Scroll            |     5 |     5 |     8 |    12 |     6 ||    36
       Potion            |       |     1 |     2 |    13 |     6 ||    22
  Eat: Chunk             |     2 |     4 |     7 |    31 |     6 ||    50
       Ration            |       |     1 |     2 |     9 |     3 ||    15
Armor: Leather armour    |    18 |       |       |       |       ||    18
       Scale mail        |    48 |   108 |       |       |       ||   156
       Skin              |       |     2 |       |       |       ||     2
       Chain mail        |       |    19 |    20 |       |       ||    39
       Plate armour      |       |       |   159 |   991 |   243 ||  1393
Dodge: Dodged            |    45 |    82 |    48 |   154 |    38 ||   367
       Deflected         |       |       |       |     2 |     2 ||     4
